 Seeded DCSS version 0.31-a0-844-gdc52ec4e09 (webtiles) character file.

Game seed: 4650116273386822121 (custom seed)

3534 qw the Skirmisher (level 10, 56/64 HPs)
             Began as a Gargoyle Hunter on Sept 29, 2023.
             Was a Priest of Okawaru.
             Quit the game on level 7 of the Dungeon.
             The game lasted 00:03:42 (5033 turns).

qw the Skirmisher (Gargoyle Hunter)                 Turns: 5033, Time: 00:03:43

Health: 56/64      AC: 16    Str: 15    XL:     10   Next: 8%
Magic:  13/13      EV: 18    Int: 10    God:    Okawaru [***...]
Gold:   401        SH:  0    Dex: 17    Spells: 9/9 levels left

rFire   . . .        b - +1 orcbow
rCold   . . .        (shield currently unavailable)
rNeg    + . .        m - +3 leather armour
rPois   inf          (no helmet)
rElec   +            (no cloak)
rCorr   .            (no gloves)
SInv    .            k - +2 pair of boots
Will    .....        h - amulet of regeneration
Stlth   ++           f - +5 ring of evasion
HPRegen 1.10/turn    (no ring)
MPRegen 0.13/turn

%: no passive effects
@: no status effects
A: sickness immunity, AC +7, negative energy resistance 1, electricity
resistance, torment resistance 1, petrification resistance
a: Renounce Religion, Heroism


You were on level 7 of the Dungeon.
You worshipped Okawaru.
Okawaru was most pleased with you.
You visited 2 branches of the dungeon, and saw 8 of its levels.

You collected 401 gold pieces.


Innate Abilities, Weirdness & Mutations

You are immune to sickness and miasma.
Your stone body is resilient. (AC +7)
You are immune to poison.
You resist negative energy. (rN+)
You are resistant to electric shocks. (rElec)
You are resistant to unholy torment.
You are immune to petrification.


   Skills:
 - Level 8.0 Fighting
 + Level 11.6 Ranged Weapons
 - Level 2.0 Armour
 - Level 3.0 Dodging
 - Level 1.1 Stealth
 - Level 4.0 Invocations


You had 9 spell levels left.
You didn't know any spells.
Your spell library was empty.

Inventory:

Hand Weapons
 b - a +1 orcbow (weapon)
Armour
 g - a +0 robe of fire resistance
 k - a +2 pair of boots (worn)
 m - a +3 leather armour (worn)
 q - a +1 cloak
Jewellery
 f - a +5 ring of evasion (left hand)
 h - an amulet of regeneration (around neck)
Potions
 a - 2 potions of haste
 c - 2 potions of might
 d - a potion of curing
 e - a potion of degeneration {unknown}
 i - 2 potions of heal wounds
 j - a potion of ambrosia {unknown}
 l - a potion of enlightenment {unknown}
 n - a potion of magic {unknown}
 o - a potion of cancellation {unknown}
 p - a potion of invisibility {unknown}

Dungeon Overview and Level Annotations

Branches:
Dungeon (7/15)             Temple (1/1) D:4

Altars:
Ashenzari
Cheibriados
Dithmenos
Elyvilon
Fedhas
Gozag
Hepliaklqana
Kikubaaqudgha
Nemelex Xobeh
Okawaru
Qazlal
Ru
Trog
Uskayaw
Vehumet
Wu Jian
Xom

Shops:
D:2 (


Message History

You shoot an arrow.
The arrow hits the wyvern but does no damage.
The wyvern hisses angrily.
You shoot an arrow.
The arrow hits the wyvern but does no damage.
You shoot an arrow. The arrow barely misses the wyvern.
The wyvern completely misses you.
You shoot an arrow. The arrow hits the wyvern.
The wyvern is lightly wounded.
The wyvern bites you but does no damage.
The wyvern misses you.
You shoot an arrow. The arrow hits the wyvern.
The wyvern is moderately wounded.
The wyvern completely misses you.
You shoot an arrow. The arrow closely misses the wyvern.
The wyvern closely misses you.
You shoot an arrow. The arrow hits the wyvern!
The wyvern is almost dead.
The wyvern bites you but does no damage. x2
You shoot an arrow. The arrow closely misses the wyvern.
The wyvern bites you but does no damage.
You shoot an arrow.
The arrow hits the wyvern but does no damage.
The wyvern is severely wounded.
The wyvern completely misses you. The wyvern barely misses you.
You shoot an arrow. The arrow barely misses the wyvern.
The wyvern bites you!
You shoot an arrow. The arrow closely misses the wyvern.
The wyvern completely misses you.
You shoot an arrow. The arrow hits the wyvern!
You kill the wyvern!
Okawaru accepts your kill.
You aren't carrying any scrolls. [Hit ESC to exit interpreter.] > dsay(c_persist.potion_ident)
5033 ||| { ["heal wounds"] = true, ["lignification"] = true, ["haste"] = true, } > dsay(c_persist.scroll_ident)
5033 ||| { ["enchant weapon, it crumbles to dust"] = true, ["teleportation"] = true, ["poison"] = true, ["torment"] = true, ["identify"] = true, ["identify, it crumbles to dust"] = true, ["silence"] = true, ["brand weapon"] = true, ["fear"] = true, ["noise"] = true, ["immolation"] = true, ["amnesia"] = true, ["enchant armour"] = true, ["fog"] = true, ["vulnerability"] = true, ["enchant armour, it crumbles to dust"] = true, ["butterflies"] = true, ["enchant weapon"] = true, } > Are you sure you want to abandon this character and quit the game? (Confirm with "yes".)

..# #..........#
..# #..........#
..# #.......(..#
..# #..........#
..###..........#
#...#..........#
#.#.#..........#
...............####
...#.>..........@.#
#...#......)####'%#
#####.####### ~..~~
......# ....[.~#
#####.# ~$7..7.~#
#.. #~......~# ##.#
#~..... ~# .# #~
7..7.~# ..


There were no monsters in sight!

Vanquished Creatures
  A gargoyle (D:7)
  Prince Ribbit (D:5)
  A wyvern (D:7)
  Menkaure (D:6)
  A water moccasin (D:7)
  2 black bears
  An orc warrior (D:7)
  2 sky beasts
  6 ogres
  A centaur (D:7)
  A kobold brigand (D:7)
  A gnoll sergeant (D:7)
  3 scorpions
  3 wights (D:6)
  3 killer bees (D:4)
  6 electric eels (D:7)
  4 hounds
  6 orc priests
  A sleepcap (D:4)
  4 iguanas
  4 orc wizards
  9 gnolls
  A river rat (D:3)
  6 adders
  A shadow imp (D:5)
  A white imp (D:6)
  3 worms
  3 dart slugs
  23 orcs
  11 endoplasms
  4 giant cockroaches
  5 goblins
  5 hobgoblins
  10 kobolds
  6 quokkas
  8 ball pythons
  5 bats
  2 frilled lizards
  3 rats
159 creatures vanquished.

Notes
Turn   | Place    | Note
-------+----------+-------------------------------------------
     0 | D:1      | qw the Gargoyle Hunter began the quest for the Orb.
     0 | D:1      | Reached XP level 1. HP: 12/12 MP: 1/1
     0 | D:1      | 0 ||| qw: Version: 0.3-a-95-g97b8be4
     0 | D:1      | 0 ||| qw: Game counter: 50
     0 | D:1      | 0 ||| qw: Melee chars always use a shield: true
     0 | D:1      | 0 ||| qw: God list: Okawaru
     0 | D:1      | 0 ||| qw: Allow faded altars: false
     0 | D:1      | 0 ||| qw: Do Orc after clearing Dungeon:15 true
     0 | D:1      | 0 ||| qw: Do second Lair branch before Depths: true
     0 | D:1      | 0 ||| qw: Lair rune preference: random
     0 | D:1      | 0 ||| qw: Goals: Normal, Save, Zot:1-4, Win
     0 | D:1      | 0 ||| PLANNING D:1-11
    59 | D:1      | Reached XP level 2. HP: 17/17 MP: 2/2
   222 | D:1      | Reached XP level 3. HP: 21/21 MP: 3/3
   253 | D:1      | Reached skill level 5 in Ranged Weapons
   578 | D:1      | 578 ||| UPGRADING to +5 ring of evasion.
   579 | D:1      | 579 ||| READING scroll labelled LAEHI BEGGOAT.
   580 | D:1      | 580 ||| READING scroll labelled VOLOR SAGATOHE.
   581 | D:1      | 581 ||| READING 2 scrolls labelled CINGURYQO.
   582 | D:1      | 582 ||| READING scroll labelled MYUHAFU AG VUH.
   598 | D:1      | 598 ||| READING scroll of identify.
   598 | D:1      | 598 ||| IDENTIFYING puce potion
   599 | D:1      | 599 ||| DROPPING scroll of butterflies.
   600 | D:1      | 600 ||| DROPPING potion of lignification.
   739 | D:2      | Reached skill level 3 in Fighting
   902 | D:2      | Found Likharch's Antique Weapon Boutique.
  1024 | D:2      | Found a shadowy altar of Dithmenos.
  1270 | D:2      | 1270 ||| UPGRADING to +0 ring mail.
  1280 | D:2      | 1280 ||| DROPPING +0 leather armour.
  1281 | D:2      | 1281 ||| UPGRADING to amulet of regeneration.
  1286 | D:2      | 1286 ||| READING scroll labelled CYDAUWIASM.
  1287 | D:2      | 1287 ||| READING scroll labelled LOUXEU DEVVOUQ.
  1291 | D:2      | 1291 ||| DRINKING 2 smoky green potions.
  1317 | D:3      | 1317 ||| PLANNING SEWER
  1353 | D:3      | Reached skill level 1 in Armour
  1353 | D:3      | Reached XP level 4. HP: 28/28 MP: 4/4
  1579 | D:3      | Found a hazy altar of Hepliaklqana.
  1665 | D:3      | Reached XP level 5. HP: 32/32 MP: 5/5
  2066 | D:3      | 2066 ||| RIP SEWER
  2080 | D:3      | 2080 ||| PLANNING D:1-11
  2080 | D:3      | 2080 ||| UPGRADING to +0 robe of fire resistance.
  2090 | D:3      | 2090 ||| DROPPING ring of wizardry.
  2091 | D:3      | 2091 ||| READING scroll labelled WITHROGRE SESOO.
  2092 | D:3      | 2092 ||| READING scroll labelled MAD CUJOEROMMYL.
  2093 | D:3      | 2093 ||| DRINKING 2 metallic coppery potions.
  2094 | D:3      | 2094 ||| READING scroll of identify.
  2094 | D:3      | 2094 ||| IDENTIFYING metallic sapphire potion
  2108 | D:4      | Noticed an ogre
  2112 | D:4      | 2112 ||| STAIRDANCE
  2117 | D:4      | 2117 ||| STAIRDANCE
  2123 | D:4      | Killed an ogre
  2124 | D:4      | Reached skill level 6 in Ranged Weapons
  2226 | D:4      | Reached XP level 6. HP: 37/37 MP: 6/6
  2439 | D:4      | Found a staircase to the Ecumenical Temple.
  2440 | D:4      | 2440 ||| PLANNING TEMPLE
  2440 | D:4      | 2440 ||| READING 2 scrolls labelled HEINAA XETHREG.
  2442 | D:4      | 2442 ||| READING scroll of enchant weapon.
  2442 | D:4      | 2442 ||| ENCHANTING +1 shortbow of draining.
  2443 | D:4      | 2443 ||| READING scroll labelled ZIS BOID SELUARCHY.
  2527 | Temple   | Entered the Ecumenical Temple
  2528 | Temple   | 2528 ||| PLANNING OKAWARU WORSHIP
  2536 | Temple   | Became a worshipper of Warmaster Okawaru
  2537 | Temple   | 2537 ||| PLANNING D:1-11
  2637 | D:4      | Identified the staff of Harmony {rElec rPois rF- rC++ Int+2
                  | Air}
  2645 | D:4      | Reached skill level 7 in Ranged Weapons
  2691 | D:4      | 2691 ||| RETREEAATING.
  2704 | D:4      | Reached XP level 7. HP: 30/43 MP: 7/7
  2855 | D:4      | 2855 ||| DROPPING +0 ring mail.
  2856 | D:4      | 2856 ||| UPGRADING to +0 pair of boots.
  2861 | D:4      | 2861 ||| UPGRADING to +3 leather armour.
  2871 | D:4      | 2871 ||| READING scroll labelled VUMIJU UFRO.
  2959 | D:5      | Entered Level 5 of the Dungeon
  3037 | D:5      | Reached * piety under Okawaru
  3038 | D:5      | Reached skill level 8 in Ranged Weapons
  3051 | D:5      | Found a sacrificial altar of Ru.
  3107 | D:5      | Reached skill level 1 in Invocations
  3123 | D:5      | Found a sparkling altar of Nemelex Xobeh.
  3281 | D:5      | Found an ornate altar of the Wu Jian Council.
  3326 | D:5      | Noticed a +0 hand axe
  3326 | D:5      | Noticed a +0 hand axe
  3329 | D:5      | Noticed Prince Ribbit
  3330 | D:5      | 3330 ||| INVOKING Heroism.
  3336 | D:5      | Killed Prince Ribbit
  3337 | D:5      | Reached XP level 8. HP: 49/49 MP: 6/10
  3366 | D:5      | Found a hide-covered altar of Uskayaw.
  3512 | D:5      | 3512 ||| READING 2 scrolls labelled HAMNOCKA AXTY.
  3513 | D:5      | 3513 ||| READING scroll of enchant armour.
  3513 | D:5      | 3513 ||| ENCHANTING +0 pair of boots.
  3514 | D:5      | 3514 ||| READING 2 scrolls labelled FIDOHA UFAROM.
  3515 | D:5      | 3515 ||| DROPPING scroll of vulnerability.
  3533 | D:6      | Reached skill level 3 in Invocations
  3630 | D:6      | 3630 ||| Stepping ~*~*~tactically~*~*~ (retreating).
  3642 | D:6      | 3642 ||| FLEEEEING.
  3643 | D:6      | 3643 ||| FLEEEEING.
  3644 | D:6      | 3644 ||| FLEEEEING.
  3645 | D:6      | 3645 ||| FLEEEEING.
  3646 | D:6      | 3646 ||| FLEEEEING.
  3647 | D:6      | 3647 ||| FLEEEEING.
  3648 | D:6      | 3648 ||| FLEEEEING.
  3649 | D:6      | 3649 ||| FLEEEEING.
  3650 | D:6      | 3650 ||| FLEEEEING.
  3651 | D:6      | 3651 ||| FLEEEEING.
  3663 | D:6      | Reached skill level 9 in Ranged Weapons
  3679 | D:6      | 3679 ||| FLEEEEING.
  3680 | D:6      | 3680 ||| FLEEEEING.
  3681 | D:6      | 3681 ||| FLEEEEING.
  3682 | D:6      | 3682 ||| FLEEEEING.
  3684 | D:6      | 3684 ||| FLEEEEING.
  3685 | D:6      | 3685 ||| FLEEEEING.
  3686 | D:6      | 3686 ||| FLEEEEING.
  3687 | D:6      | 3687 ||| FLEEEEING.
  3693 | D:6      | Reached ** piety under Okawaru
  3729 | D:6      | Noticed Menkaure
  3739 | D:6      | Killed Menkaure
  3740 | D:6      | Reached skill level 6 in Fighting
  3765 | D:6      | Reached XP level 9. HP: 55/55 MP: 12/12
  3840 | D:6      | 3840 ||| READING 3 scrolls labelled XASTRY LUUTSEL.
  3841 | D:6      | 3841 ||| READING scroll of identify.
  3841 | D:6      | 3841 ||| IDENTIFYING cyan potion
  3842 | D:6      | 3842 ||| DROPPING 2 scrolls of amnesia.
  3935 | D:6      | Reached skill level 10 in Ranged Weapons
  4125 | D:6      | Reached skill level 3 in Dodging
  4272 | D:6      | 4272 ||| DROPPING amulet of magic regeneration.
  4273 | D:6      | 4273 ||| DROPPING ring of magical power.
  4335 | D:7      | 4335 ||| SWAPPING to +0 orcbow.
  4336 | D:7      | 4336 ||| DROPPING +2 shortbow of draining.
  4344 | D:7      | 4344 ||| READING scroll of enchant armour.
  4344 | D:7      | 4344 ||| ENCHANTING +1 pair of boots.
  4351 | D:7      | 4351 ||| READING scroll of enchant weapon.
  4351 | D:7      | 4351 ||| ENCHANTING +0 orcbow.
  4620 | D:7      | Found a broken altar of Ashenzari.
  4690 | D:7      | Noticed a gargoyle
  4691 | D:7      | 4691 ||| INVOKING Heroism.
  4709 | D:7      | Killed a gargoyle
  4710 | D:7      | Reached skill level 11 in Ranged Weapons
  4737 | D:7      | 4737 ||| FLEEEEING.
  4748 | D:7      | 4748 ||| FLEEEEING.
  4785 | D:7      | 4785 ||| FLEEEEING.
  4786 | D:7      | 4786 ||| FLEEEEING.
  4802 | D:7      | 4802 ||| FLEEEEING.
  4803 | D:7      | Reached *** piety under Okawaru
  4882 | D:7      | 4882 ||| Stepping ~*~*~tactically~*~*~ (retreating).
  4884 | D:7      | 4884 ||| FLEEEEING.
  4929 | D:7      | Reached XP level 10. HP: 64/64 MP: 13/13
  5033 | D:7      | Quit the game

Levels and vault maps discovered:
D:1:      moated_graveyard_arrival, layout_basic, st_stairs_12, minmay_3d_cube
D:2:      layout_loops_cross, serial_shops, nicolae_lakefront_shop, basic_altar,
          ebering_dispersal_statue_hall
D:3:      layout_basic, lemuel_coloured_pillars_altar, gup_sewer_entry_bowl
D:4:      layout_basic, minmay_temple_entry_statues_fountains,
          corexii_item_surrounded_by_moat
D:5:      layout_cave_pools, nicolae_overflow_hidden_temple,
          nicolae_ru_the_path_less_chosen, nemelex_spade_bored_becter,
          dancing_weapons_uskayaw, uniq_prince_ribbit1
D:6:      layout_basic, uniq_menkaure
D:7:      cheibrodos_two_vegetables, layout_basic,
          mainiacjoe_overflow_small_starburst, kennysheep_generic_room_6
Temple:   jpeg_temple_clearing

Skill      XL: |  1  2  3  4  5  6  7  8  9 |
---------------+----------------------------+-----
Ranged Weapons | 5 6 7 8 9 11 | 11.6
Fighting       | 3 4 5 6 8 |  8.0
Armour         | 1 2 |  2.0
Dodging        | 2 3 |  3.0
Invocations    | 2 4 |  4.0
Stealth        | |  1.1

Action                     |  1- 3 |  4- 6 |  7- 9 | 10-12 || total
---------------------------+-------+-------+-------+-------++-------
   Fire: Shortbow          |    99 |   111 |   225 |       ||   435
         Orcbow            |       |       |   137 |    23 ||   160
 Invoke: Heroism           |       |       |     2 |       ||     2
    Use: Scroll            |     7 |     6 |     8 |       ||    21
         Potion            |     1 |     1 |       |       ||     2
 Armour: Leather armour    |    19 |       |    70 |     7 ||    96
         Ring mail         |       |     5 |       |       ||     5
         Robe              |       |    12 |     8 |       ||    20
  Dodge: Dodged            |    15 |    34 |   117 |     8 ||   174

Table legend:
 A = Non-vault XP
 B = Vault XP
 C = Vault XP percentage of total XP
 D = Non-vault monster count
 E = Vault monster count
 F = Vault count percentage of total count
                 A         B        C        D         E       F
            +---------+---------+-------+---------+---------+-------
      Total |    3462 |    1587 |  31.4 |     136 |      23 |  14.5
            +---------+---------+-------+---------+---------+-------
        D:1 |      36 |      14 |  28.0 |      22 |       7 |  24.1
        D:2 |      28 |       0 |   0.0 |       8 |       0 |   0.0
        D:3 |      77 |      23 |  23.0 |      15 |       4 |  21.1
        D:4 |     590 |       0 |   0.0 |      25 |       0 |   0.0
        D:5 |     356 |     255 |  41.7 |      13 |       1 |   7.1
        D:6 |    1390 |     172 |  11.0 |      28 |       1 |   3.4
        D:7 |     985 |    1123 |  53.3 |      25 |      10 |  28.6
            +---------+---------+-------+---------+---------+-------
